 Dungeon Sprint DCSS version 0.17-a0-1311-gbcbd859 (webtiles) character file.

6316 Kidiri the Unseen (level 10, -12/53 HPs)
             Began as a Spriggan Enchanter on June 8, 2015.
             Was an Elder of Dithmenos.
             Mangled by Kirke (18 damage)
             ... in the Dungeon (Sprint II: "The Violet Keep of Menkaure").
             The game lasted 00:21:24 (1836 turns).

Kidiri the Unseen (Spriggan Enchanter)              Turns: 1836, Time: 00:21:24

Health: -12/53     AC:  0    Str:  6    XL:     10   Next: 64%
Magic:  17/24      EV: 34    Int: 20    God:    Dithmenos [****..]
Gold:   243        SH:  0    Dex: 28    Spells: 5 memorised, 16 levels left

rFire  . . .     SeeInvis +     (weapon currently unavailable)
rCold  . . .     Clarity  +     (armour currently unavailable)
rNeg   . . .     SustAt   .     (shield currently unavailable)
rPois  .         Gourm    .     (helmet currently unavailable)
rElec  .         Spirit   .     (cloak currently unavailable)
rCorr  .         Warding  .     (gloves unavailable)
rMut   .         NoTele   +     (boots unavailable)
MR     +....                    l - amulet "Boseh" {Clar Int+3 Dex+6 Stlth-}
Stlth  +++++++...               (ring currently unavailable)
                                (ring currently unavailable)

@: exhausted, pig-form, flying, slowed, wreathed by umbra, somewhat resistant to
hostile enchantments, extremely stealthy
A: unfitting armour, thin skeletal structure 1, (camouflage 0), see invisible,
herbivore 3, (speed 0), slow metabolism 2, strong 1
a: Shadow Step, Renounce Religion


You were in the Dungeon.
You worshipped Dithmenos.
Dithmenos was greatly pleased with you.
You were not hungry.
You were a filthy swine.
You visited 1 branch You collected 1454 gold pieces.
You spent 1211 gold pieces at shops.

Inventory:

Hand weapons
 a - a +1 dagger (melded)
Armour
 b - a +1 robe
 k - the cursed +1 robe of Pifat Nybru (melded) {Dex+3}
   (You bought it in a shop in the Dungeon)

   It affects your dexterity (+3).
   It has a curse placed upon it.
Jewellery
 l - the amulet "Boseh" (around neck) {Clar Int+3 Dex+6 Stlth-}
   (You bought it in a shop in the Dungeon)

   [amulet of clarity]

   It provides mental clarity.
   It affects your intelligence (+3).
   It affects your dexterity (+6).
   It makes you less stealthy.
 m - the ring of Buwih (melded) {Int+3 Stlth-}
   (You bought it in a shop in the Dungeon)

   [ring of loudness]

   It affects your intelligence (+3).
   It makes you less stealthy.
Scrolls
 j - 2 scrolls of blinking
 n - a scroll of fear
 q - a scroll of fog
 r - a scroll of remove curse {unknown}
 t - 2 scrolls of enchant armour {unknown}
 v - a scroll of enchant weapon {unknown}
Potions
 h - 5 potions of magic
 s - 2 potions of flight
 u - 3 potions of resistance {unknown}
 w - a potion of invisibility {unknown}
 x - a potion of lignification {unknown}
 z - a potion of haste
Books
 c - a book of Maledictions

   Spells                             Type                      Level
   a - Corona                         Hexes                        1
   b - Ensorcelled Hibernation        Hexes/Ice                    2
   c - Confuse                        Hexes                        3
   d - Tukima's Dance                 Hexes                        3
   e - Dazzling Spray                 Conjuration/Hexes            3
Comestibles
 d - 3 bread rations


   Skills:
 + Level 6.7 Fighting
 * Level 12.2 Short Blades
 * Level 15.4 Dodging
 * Level 16.7 Stealth
 + Level 9.8 Spellcasting
 + Level 5.0 Conjurations
 + Level 10.2 Hexes
 + Level 5.6 Ice Magic
 + Level 3.1 Invocations


You had 16 spell levels left.
You knew the following spells:

 Your Spells              Type           Power        Failure   Level  Hunger
a - Corona                Hex            ######.      1%          1    None
b - Ensorcelled Hibernat  Hex/Ice        #####.       1%          2    None
c - Confuse               Hex            ######..     1%          3    None
d - Tukima's Dance        Hex            ######..     1%          3    None
e - Dazzling Spray        Conj/Hex       #####...     1%          3    None


Dungeon Overview and Level Annotations

Branches:
Dungeon (1/1)

Altars:
Cheibriados
Dithmenos
Elyvilon
Fedhas
Gozag
Kikubaaqudgha
Makhleb
Nemelex Xobeh
Okawaru
Qazlal
Ru
Sif Muna
Trog
Vehumet
Xom
Yredelemnul
Zin
The Shining One
Beogh
Jiyva
Lugonu

Shops:
D }[:([:([=?(=%=!!

Annotations:
D exclusion: oklob plant, Kirke


Innate Abilities, Weirdness & Mutations

You are tiny and cannot use many weapons and most armour.
You have supernaturally acute eyesight.
You are a herbivore.
((You cover ground extremely quickly.))
You need consume almost no food.
You have a somewhat thin skeletal structure (Dex +2, Stealth).
((Your skin changes colour to match your surroundings (Stealth).))
Your muscles are strong. (Str +2)


Message History

Kirke misses you. The manticore misses you.
The manticore completely misses you. x2
You hit Kirke.
Kirke is moderately wounded.
Your shadow hits Kirke. Kirke completely misses you. The manticore bites you.
The manticore completely misses you. x2
You hit Kirke.
Kirke is moderately wounded.
Kirke hits you!
* * * LOW HITPOINT WARNING * * *
The manticore completely misses you. x3
Kirke hits you.
* * * LOW HITPOINT WARNING * * *
The manticore completely misses you. The manticore misses you.
The manticore barely misses you.
Drink which item? (? for menu, Esc to quit)
It was a potion of flight.
You feel very buoyant.
You fly up into the air.
Kirke hits you!!
You die...

## +#### .+ ≈§≈§§§≈##
.###§§§§§§§≈≈##
####†.'≈§≈≈§8≈§≈§§##++
#...#### §§§§§≈##≈..
#..z@hH## §§≈§ e≈..
############≈≈#+++#+++#####.
###########≈≈≈.........#%.'.
##∩.......#≈≈≈≈.##'##..#..##
##.∩.....∩#≈≈≈≈####.##.####.
##∩.∩...∩.#≈≈≈≈#..##.# ...#.
##.∩.∩.∩.∩#≈≈####...####..##
##..∩.∩.∩.#≈##.###+###.##..#
##...∩.∩..#≈#.).##.##...#..#


You could see Kirke, a skeletal warrior and a manticore.

Vanquished Creatures
  A yaktaur captain (D)
  A centaur warrior (D)
  2 death drakes (D)
  A siren (D)
  An elephant (D)
  A yaktaur (D)
  A kobold demonologist (D)
  3 polar bears (D)
  3 slime creatures (D)
  3 yaks (D)
  A vampire mosquito (D)
  Menkaure (D)
  3 soldier ants (D)
  A swamp drake (D)
  A wasp (D)
  4 brain worms (D)
  A crocodile (D)
  4 worker ants (D)
  A spectral adder (D)
  3 worms (D)
  A spectral bat (D)
38 creatures vanquished.

Vanquished Creatures (others)
  16 tentacles (D)
  186 tentacle segments (D)
202 creatures vanquished.

Grand Total: 240 creatures vanquished

Notes
Turn   | Place    | Note
--------------------------------------------------------------
     0 | D        | Kidiri the Spriggan Enchanter began the quest for the Orb.
     0 | D        | Reached XP level 1. HP: 9/9 MP: 5/5
     1 | D        | Noticed a brain worm
     1 | D        | Noticed a brain worm
     1 | D        | Noticed a brain worm
     1 | D        | Noticed a brain worm
    14 | D        | Killed a brain worm
    14 | D        | Reached skill level 1 in Fighting
    14 | D        | Reached skill level 6 in Dodging
    14 | D        | Reached skill level 7 in Stealth
    14 | D        | Reached XP level 2. HP: 12/15 MP: 6/8
    14 | D        | Reached XP level 3. HP: 14/18 MP: 6/9
    14 | D        | Reached XP level 4. HP: 17/23 MP: 7/11
    28 | D        | Killed a brain worm
    28 | D        | Reached skill level 5 in Short Blades
    28 | D        | Reached skill level 8 in Stealth
    28 | D        | Reached skill level 5 in Hexes
    47 | D        | Killed a brain worm
    47 | D        | Reached skill level 9 in Stealth
    47 | D        | Reached skill level 5 in Spellcasting
    47 | D        | Reached XP level 5. HP: 10/28 MP: 10/13
    63 | D        | Killed a brain worm
    63 | D        | Reached skill level 10 in Stealth
    63 | D        | Reached XP level 6. HP: 12/32 MP: 11/15
    77 | D        | Learned a level 3 spell: Confuse
    81 | D        | Learned a level 3 spell: Tukima's Dance
    84 | D        | Learned a level 2 spell: Ensorcelled Hibernation
    88 | D        | Learned a level 3 spell: Dazzling Spray
   269 | D        | Noticed a siren
   274 | D        | Killed a siren
   274 | D        | Reached skill level 10 in Dodging
   274 | D        | Reached skill level 11 in Stealth
   274 | D        | Reached skill level 1 in Conjurations
   274 | D        | Reached XP level 7. HP: 35/37 MP: 13/17
   351 | D        | Noticed a worker ant
   351 | D        | Noticed a worker ant
   351 | D        | Noticed a worker ant
   351 | D        | Noticed a worker ant
   354 | D        | Killed a worker ant
   355 | D        | Killed a worker ant
   362 | D        | Killed a worker ant
   364 | D        | Killed a worker ant
   364 | D        | Reached skill level 12 in Stealth
   384 | D        | Noticed an orange crystal statue
   386 | D        | Noticed Menkaure
   387 | D        | Found Ceiwn's Distillery.
   387 | D        | Found Pon Wio's Distillery.
   388 | D        | Killed Menkaure
   405 | D        | Found Mexeit's Jewellery Shop.
   405 | D        | Found Avites's Jewellery Shop.
   405 | D        | Found Vyugrod's Magic Scroll Boutique.
   405 | D        | Found Voucoyheas's Antique Weapon Boutique.
   405 | D        | Found Vokkiah's Food Boutique.
   406 | D        | Found Ginn's Jewellery Boutique.
   406 | D        | Found Hinafipn's Antique Armour Shop.
   407 | D        | Found Irinapea's Weapon Shop.
   407 | D        | Found Zazanimu's Book Boutique.
   407 | D        | Noticed a hell hog
   409 | D        | Found Baptu's Antique Armour Boutique.
   409 | D        | Found Yrha's Antique Weapon Shop.
   409 | D        | Noticed a hell hog
   409 | D        | Noticed an oklob plant
   410 | D        | Found Qijaov's Antique Armour Shop.
   410 | D        | Found Gucveop's Book Shoppe.
   410 | D        | Found Gep Zat's Gadget Boutique.
   411 | D        | Noticed a black bear
   429 | D        | Noticed a shining eye
   429 | D        | Noticed a black bear
   430 | D        | Bought a fabulously ornate robe for 96 gold pieces
   431 | D        | Noticed a black bear
   440 | D        | Identified the cursed +1 robe of Pifat Nybru {Dex+3} (You bought it in a shop in the Dungeon)
   450 | D        | Bought a potion of mutation for 35 gold pieces
   452 | D        | Gained mutation: Your skin changes colour to match your surroundings (Stealth). [potion of mutation]
   452 | D        | Gained mutation: You have a somewhat thin skeletal structure (Dex +2, Stealth). [potion of mutation]
   452 | D        | Gained mutation: Your muscles are strong. (Str +2) [potion of mutation]
   456 | D        | Noticed a shining eye
   459 | D        | Bought the amulet "Boseh" {Clar Int+3 Dex+6 Stlth-} for 578 gold pieces
   462 | D        | Bought the ring of Buwih {Int+3 Stlth-} for 208 gold pieces
   473 | D        | Noticed a vampire mosquito
   482 | D        | Killed a vampire mosquito
   542 | D        | Noticed an ice statue
   569 | D        | Found a bloodstained altar of Trog.
   569 | D        | Found a white marble altar of Elyvilon.
   570 | D        | Found an opulent altar of Gozag.
   570 | D        | Found a snail-covered altar of Cheibriados.
   571 | D        | Found a viscous altar of Jiyva.
   571 | D        | Found a blossoming altar of Fedhas.
   571 | D        | Found a burning altar of Makhleb.
   572 | D        | Found a shimmering altar of Xom.
   572 | D        | Found a shadowy altar of Dithmenos.
   572 | D        | Found a roughly hewn altar of Beogh.
   573 | D        | Found a sacrificial altar of Ru.
   573 | D        | Found a deep blue altar of Sif Muna.
   573 | D        | Found a stormy altar of Qazlal.
   574 | D        | Found a radiant altar of Vehumet.
   574 | D        | Found a glowing golden altar of the Shining One.
   574 | D        | Found an ancient bone altar of Kikubaaqudgha.
   575 | D        | Found a corrupted altar of Lugonu.
   575 | D        | Found a glowing silver altar of Zin.
   589 | D        | Noticed a slime creature
   589 | D        | Noticed a slime creature
   590 | D        | Noticed a slime creature
   591 | D        | Killed a slime creature
   591 | D        | Reached XP level 8. HP: 42/42 MP: 19/19
   593 | D        | Killed a slime creature
   593 | D        | Reached skill level 13 in Stealth
   597 | D        | Killed a slime creature
   597 | D        | Reached skill level 5 in Fighting
   605 | D        | Noticed a deep elf master archer
   608 | D        | Noticed a soldier ant
   608 | D        | Noticed a soldier ant
   608 | D        | Noticed a soldier ant
   613 | D        | Killed a soldier ant
   616 | D        | Killed a soldier ant
   618 | D        | Killed a soldier ant
   736 | D        | Noticed a death drake
   736 | D        | Noticed a swamp drake
   737 | D        | Noticed a death drake
   737 | D        | Noticed a crystal guardian
   737 | D        | Noticed a swamp drake
   747 | D        | Found a sparkling altar of Nemelex Xobeh.
   747 | D        | Found an iron altar of Okawaru.
   747 | D        | Noticed a polar bear
   749 | D        | Found a basalt altar of Yredelemnul.
   749 | D        | Noticed a wasp
   750 | D        | Noticed a yaktaur
   756 | D        | Noticed an electric eel
   758 | D        | Became a worshipper of Dithmenos the Shadowed
   767 | D        | Killed a death drake
   767 | D        | Reached skill level 10 in Short Blades
   767 | D        | Reached skill level 14 in Stealth
   767 | D        | Reached XP level 9. HP: 45/47 MP: 17/22
   769 | D        | Noticed a polar bear
   771 | D        | Noticed a polar bear
   787 | D        | Killed a polar bear
   789 | D        | Killed a polar bear
   793 | D        | Killed a polar bear
   793 | D        | Reached skill level 15 in Stealth
   797 | D        | Noticed a crocodile
   797 | D        | Killed a yaktaur
   799 | D        | Killed a wasp
   799 | D        | Acquired Dithmenos's first power
   808 | D        | Killed a crocodile
   812 | D        | Noticed an electric eel
   824 | D        | Noticed an electric eel
   828 | D        | Killed a death drake
  1205 | D        | Bought a potion of curing for 42 gold pieces
  1205 | D        | Bought a potion of heal wounds for 70 gold pieces
  1205 | D        | Bought a potion of heal wounds for 70 gold pieces
  1205 | D        | Bought a potion of heal wounds for 70 gold pieces
  1205 | D        | Bought a potion of curing for 42 gold pieces
  1244 | D        | Killed a swamp drake
  1244 | D        | Reached XP level 10. HP: 48/53 MP: 19/24
  1277 | D        | Noticed a crocodile
  1281 | D        | Noticed a kraken
  1744 | D        | Noticed Kirke
  1744 | D        | Noticed a kobold demonologist
  1744 | D        | Noticed a yaktaur captain
  1745 | D        | Noticed a centaur warrior
  1748 | D        | Noticed an elephant
  1749 | D        | Noticed a skeletal warrior
  1751 | D        | Killed a kobold demonologist
  1751 | D        | Acquired Dithmenos's second power
  1751 | D        | Reached skill level 5 in Ice Magic
  1755 | D        | Killed a centaur warrior
  1755 | D        | Reached skill level 16 in Stealth
  1755 | D        | Reached skill level 1 in Invocations
  1757 | D        | Killed an elephant
  1757 | D        | Reached skill level 10 in Hexes
  1760 | D        | Killed a yaktaur captain
  1760 | D        | Reached skill level 15 in Dodging
  1761 | D        | Noticed a yak
  1764 | D        | Noticed a yak
  1765 | D        | Noticed a yak
  1765 | D        | Noticed a manticore
  1766 | D        | Killed a yak
  1766 | D        | Reached skill level 5 in Conjurations
  1770 | D        | Killed a yak
  1770 | D        | Acquired Dithmenos's third power
  1782 | D        | Killed a yak
  1814 | D        | Noticed a manticore
  1832 | D        | Noticed a manticore
  1836 | D        | Mangled by Kirke

Vault maps used:
D:        the_violet_keep_of_menkaure

Action                   |  1- 3 |  4- 6 |  7- 9 | 10-12 || total
-------------------------+-------+-------+-------+-------++-------
Melee: Dagger            |     9 |    50 |    39 |    18 ||   116
       Unarmed           |       |       |       |    31 ||    31
 Cast: Ensorcelled Hiber |       |     1 |    27 |    18 ||    46
       Confuse           |       |       |     7 |     5 ||    12
       Dazzling Spray    |       |       |       |     2 ||     2
       Corona            |       |       |       |     1 ||     1
  Use: Potion            |       |       |     5 |     8 ||    13
       Scroll            |       |       |       |     5 ||     5
 Stab: Sleeping          |       |     1 |    20 |     7 ||    28
       Confused          |       |       |     5 |       ||     5
